 Dungeon Crawl Stone Soup version 0.28-a0-861-ge64d6db94f (webtiles) character file.

Game seed: 14347657493393374817

126172 ytrimaz the Severer (level 16, -8/201 HPs)
             Began as a Demonspawn Berserker on Nov 15, 2021.
             Was an Elder of Trog.
             Mangled by a deep elf blademaster (13 damage)
             ... on level 1 of the Elven Halls.
             The game lasted 00:35:24 (20770 turns).

ytrimaz the Severer (Demonspawn Berserker)         Turns: 20770, Time: 00:35:24

Health: -8/201     AC: 33    Str: 32    XL:     16   Next: 43%
Magic:  25/25      EV: 15    Int:  5    God:    Trog [****..]
Gold:   704        SH:  9    Dex: 24    Spells: 15/15 levels left

rFire   + . .      SeeInvis +   g - +6 hand axe of Viana {vorpal, Will++ Str+2}
rCold   . . .      Faith    .   E - +3 buckler {rF+}
rNeg    + . .      Spirit   .   d - +11 chain mail "Qiar" {Int-5 Dex+4 Slay+6}
rPois   .          Reflect  .   T - +0 helmet of the Apothecary {rF+ rN+ rCorr Stlth+}
rElec   .          Harm     .   M - +0 cloak
rCorr   +          Rampage  .   (gloves unavailable)
Will    +++++                   Q - +2 pair of boots
Stlth   ..........              Y - amulet "Uptaj" {RegenMP rF- MP+9 Int+2 Dex+4}
HPRegen 1.43/turn               X - ring "Plog" {Str+4 SInv Stlth+}
MPRegen 0.44/turn               e - +4 ring of slaying

@: berserking (expiring), strong-willed, regenerating, very quick
A: yellow scales 2, foul stench 2, demonic magic 2, demonic touch 3, agile 1,
strong 1
a: Renounce Religion, Berserk, Trog's Hand, Brothers in Arms


You were on level 1 of the Elven Halls.
You worshipped Trog.
Trog was greatly pleased with you.
You visited 5 branches of the dungeon, and saw 20 of its levels.
You also visited: Sewer and Gauntlet.

You collected 4020 gold pieces.
You spent 3316 gold pieces at shops.

Inventory:

Hand Weapons
 b - a +0 battleaxe of venom
 g - the +6 hand axe of Viana (weapon) {vorpal, Will++ Str+2}
   (You found it in a Gauntlet)

   It inflicts extra damage upon your enemies.
   Str:       It affects your strength (+2).
   Will:      It greatly increases your willpower.
 r - the +8 autumn katana {vorpal, Clar}
   (You bought it in a shop on level 11 of the Dungeon)

   It inflicts extra damage upon your enemies.
   Clar:      It protects you against confusion.
 F - a +5 battleaxe of electrocution
 I - a +3 hand axe of flaming
 L - a +5 antimagic broad axe
Missiles
 a - 5 silver javelins
 v - 4 throwing nets
 w - 58 poisoned darts (quivered)
 V - 13 javelins
Armour
 d - the +11 chain mail "Qiar" (worn) {Int-5 Dex+4 Slay+6}
   (You bought it in a shop on level 3 of the Dungeon)

   Int:       It affects your intelligence (-5).
   Dex:       It affects your dexterity (+4).
   Slay:      It affects your accuracy & damage with ranged weapons and melee
   (+6).
 t - the +8 orange crystal plate armour {Archmagi, Int+3 Clar}
   (You acquired it on level 1 of the Elven Halls)

   Int:       It affects your intelligence (+3).
   Clar:      It protects you against confusion.
 E - a +3 buckler of fire resistance (worn)
 M - a +0 cloak (worn)
 Q - a +2 pair of boots (worn)
 S - a +0 kite shield
 T - the +0 helmet of the Apothecary (worn) {rF+ rN+ rCorr Stlth+}
   (You found it in a Gauntlet)

   rF:        It protects you from fire.
   rN:        It protects you from negative energy.
   rCorr:     It protects you from acid and corrosion.
   Stlth:     It makes you more stealthy.
Jewellery
 e - a +4 ring of slaying (right hand)
 q - a +6 ring of strength
 z - a ring of ice
 C - a ring of poison resistance
 U - the ring of the Mage {Wiz Will++ Int+3}
   (You took it off a minotaur in a Gauntlet)

   [ring of wizardry]

   It improves your spell success rate.
   Int:       It affects your intelligence (+3).
   Will:      It greatly increases your willpower.
 X - the ring "Plog" (left hand) {Str+4 SInv Stlth+}
   (You found it in a Gauntlet)

   [ring of see invisible]

   Str:       It affects your strength (+4).
   SInv:      It lets you see invisible.
   Stlth:     It makes you more stealthy.
 Y - the amulet "Uptaj" (around neck) {RegenMP rF- MP+9 Int+2 Dex+4}
   (You found it in a Gauntlet)

   [amulet of magic regeneration]

   It increases your rate of magic regeneration.
   Int:       It affects your intelligence (+2).
   Dex:       It affects your dexterity (+4).
   rF:        It makes you vulnerable to fire.
   MP:        It affects your magic capacity (+9).
Wands
 s - a wand of paralysis (18)
 y - a wand of flame (65)
 J - a wand of iceblast (11)
 N - a wand of polymorph (6)
Scrolls
 f - a scroll of blinking
 j - 2 scrolls of teleportation
 k - 5 scrolls of fear
 l - 3 scrolls of magic mapping
 u - 2 scrolls of brand weapon
 A - 3 scrolls of enchant weapon
 G - a scroll of fog
 H - a scroll of enchant armour
 K - 3 scrolls of summoning
 O - 2 scrolls of identify
Potions
 c - a potion of invisibility
 h - 4 potions of magic
 i - 3 potions of mutation
 m - 4 potions of haste
 n - 2 potions of brilliance
 o - 3 potions of berserk rage
 p - 7 potions of curing
 x - 2 potions of lignification
 B - 2 potions of attraction
 P - a potion of cancellation


   Skills:
 + Level 14.8 Fighting
 * Level 8.4 Long Blades
 - Level 15.4 Axes
 * Level 13.0 Armour
 * Level 7.3 Dodging
 - Level 4.0 Shields


You had 15 spell levels left.
You didn't know any spells.
Your spell library was empty.

Dungeon Overview and Level Annotations

Branches:
Dungeon (15/15)            Temple (1/1) D:4            Lair (1/6) D:11
    Orc (2/2) D:9             Elf (1/3) Orc:2        Vaults (0/5) D:13
 Depths (0/4) D:15          Sewer (visited)         Gauntlet (visited)

Altars:
Ashenzari
Cheibriados
Dithmenos
Elyvilon
Fedhas
Gozag
Hepliaklqana
Kikubaaqudgha
Makhleb
Nemelex Xobeh
Okawaru
Qazlal
Ru
Sif Muna
Trog
Uskayaw
Vehumet
Wu Jian
Xom
Yredelemnul
Zin
The Shining One
Beogh

Shops:
D:3 [   D:4 =   D:5 *   D:11 (   Orc:2 !!*:?   Elf:1 ?(=(

Annotations:
Elf:1 1 transporter, marklar909's ghost, adept PaBe


Innate Abilities, Weirdness & Mutations

You are mostly covered in yellow scales. (AC +3)
You sometimes emit foul miasma when damaged in melee.
Spells you cast may paralyse nearby enemies.
Your touch may irresistibly damage your foes and sap their willpower.
You are agile. (Dex +2)
Your muscles are strong. (Str +2)


Message History

The deep elf blademaster looks as sick as possible!
The deep elf blademaster hits you with a +0 rapier!
* * * LOW HITPOINT WARNING * * *
The deep elf blademaster hits you with a +0 rapier!!
* * * LOW HITPOINT WARNING * * *
Your ogre misses the deep elf blademaster.
The deep elf blademaster is engulfed in dark miasma.
The deep elf blademaster looks even sicker.
You block the deep elf blademaster's attack.
The deep elf blademaster hits you with a +0 rapier of flaming.
* * * LOW HITPOINT WARNING * * *
Your ogre misses the deep elf blademaster.
Marklar909's ghost hits your ogre!!
Your ogre dies!
Your ogre's corpse disappears in a puff of smoke!
You slash the deep elf blademaster!
The deep elf blademaster is almost dead.
You barely miss the deep elf blademaster.
The deep elf blademaster is engulfed in dark miasma.
The deep elf blademaster looks as sick as possible!
The deep elf blademaster seems to slow down.
The deep elf blademaster hits you with a +0 rapier!
* * * LOW HITPOINT WARNING * * *
The deep elf blademaster completely misses you.
Your ogre hits the moth of wrath with a +0 giant club!!
The moth of wrath dies!
Trog accepts your kill.
The deep elf blademaster is engulfed in dark miasma.
The deep elf blademaster looks as sick as possible!
The deep elf blademaster seems to slow down.
You block the deep elf blademaster's attack.
The deep elf blademaster closely misses you.
Your ogre completely misses the deep elf blademaster.
The deep elf blademaster is engulfed in dark miasma.
The deep elf blademaster looks as sick as possible!
The deep elf blademaster is engulfed in dark miasma.
The deep elf blademaster looks as sick as possible!
You block the deep elf blademaster's attack.
The deep elf blademaster hits you with a +0 rapier of flaming!
You die...

##.........#..........#####.#####
##.........#..........# #.# #
.#....................# ##.#####
.##..............[....# #.......
....##....#####.......# #...####
###.##..###...###.....# ##.##
#.#..###......##..### ###
#.#..### #!...##..##
#.#.##.#≈#.###@##..#
#...#eW.#...≈#ee#..#
#..©#ey..=_.#O☼©#©.#
##..#...#??ee§O.#..#
##.##..#§#.W.§##..#
#..#..###....#..##
#..###.#....##..#
##..###...###..## #....#####....#


You could see 3 deep elf blademasters, marklar909's ghost and 2 friendly ogres.

Vanquished Creatures
  Rupert (Orc:2)
  A deep elf blademaster (Elf:1)
  A dire elephant (D:15)
  A minotaur (Gauntlet)
  Snorg (Orc:2)
  Fannar (Orc:1)
  5 hydras
  An ice dragon (D:14)
  6 ogre magi
  A boulder beetle (D:12)
  A rakshasa (D:12)
  7 centaur warriors
  3 dancing weapons (Elf:1)
  2 tengu warriors (D:14)
  23 two-headed ogres
  Urug (D:12)
  Nergalle (D:10)
  An orc high priest (Elf:1)
  The ghost of croobank the Cleaver, a novice MiBe of Trog (D:7)
  4 deep elf knights (Elf:1)
  3 sixfirhies (Gauntlet)
  A fire crab (shapeshifter) (D:14)
  6 deep elf archers (Elf:1)
  3 orc knights
  4 orc sorcerers
  11 deep elf zephyrmancers (Elf:1)
  21 deep elf pyromancers
  2 ugly things (D:12)
  A moth of wrath (Gauntlet)
  4 cyclopes
  A salamander (D:15)
  Maurice (D:10)
  3 manticores
  4 gargoyles
  An unseen horror (D:11)
  A freezing wraith (D:14)
  An efreet (D:13)
  6 meliai (D:15)
  6 trolls
  A hornet (D:9)
  15 slime creatures
  A hornet (shapeshifter) (D:14)
  4 dream sheep (D:9)
  2 meliai zombies (D:11)
  An air elemental (Elf:1)
  A ynoxinul (Gauntlet)
  7 yaks
  A water elemental (D:11)
  4 shadows
  A vampire (D:12)
  A wyvern (D:10)
  A fire elemental (Elf:1)
  2 basilisks
  6 vampire mosquitoes
  3 wargs
  An acid dragon (D:13)
  5 water moccasins (D:11)
  4 sky beasts
  2 ice beasts
  14 orc warriors
  2 black bears (D:6)
  8 necrophages
  24 centaurs
  36 ogres
  4 wolves (Gauntlet)
  5 bullfrogs
  2 kobold brigands
  7 scorpions
  3 gnoll sergeants
  A wyvern zombie (D:7)
  A water moccasin skeleton (D:6)
  9 wights
  2 howler monkeys
  An electric eel (D:11)
  A bullfrog zombie (D:6)
  7 centaur zombies
  11 orc priests
  A centaur skeleton (D:6)
  A gnoll shaman (D:6)
  2 iron imps (Gauntlet)
  A jelly (D:5)
  A bullfrog skeleton (D:5)
  2 iguanas
  11 orc wizards
  2 killer bee zombies
  A hound zombie (D:5)
  2 human simulacra (D:11)
  3 mummies (D:11)
  A howler monkey zombie (D:5)
  26 gnolls
  5 adders
  6 river rats (Sewer)
  A white imp (D:3)
  An ufetubus (D:6)
  5 worms
  A dart slug (D:1)
  49 orcs
  5 endoplasms
  4 giant cockroaches
  4 hobgoblins
  6 jackals
  7 quokkas
  21 ball pythons
  9 bats
  8 frilled lizards
  5 goblins
  11 kobolds
  A quokka skeleton (D:4)
  23 rats
570 creatures vanquished.

Vanquished Creatures (collateral kills)
  2 dancing weapons (Elf:1)
  2 deep elf zephyrmancers (Elf:1)
  A deep elf pyromancer (Elf:1)
  A moth of wrath (Elf:1)
  A fire elemental (Elf:1)
7 creatures vanquished.

Vanquished Creatures (others)
  A deep elf knight (Elf:1)
  A deep elf archer (Elf:1)
  A deep elf zephyrmancer (Elf:1)
  An orc (Elf:1)
  A demonic plant (Gauntlet)
  34 fungi (D:11)
  32 plants
  2 withered plants (D:11)
73 creatures vanquished.

Grand Total: 650 creatures vanquished

Notes
Turn   | Place    | Note
-------+----------+-------------------------------------------
     0 | D:1      | ytrimaz the Demonspawn Berserker began the quest for the
                  | Orb.
     0 | D:1      | Reached XP level 1. HP: 18/18 MP: 1/1
   180 | D:1      | Reached skill level 3 in Axes
   256 | D:1      | Gained mutation: You may rarely emit foul miasma when
                  | damaged in melee. [demonic ancestry]
   256 | D:1      | Reached XP level 2. HP: 22/24 MP: 2/2
  1279 | D:2      | Reached ** piety under Trog
  1310 | D:2      | Reached XP level 3. HP: 20/29 MP: 3/3
  1513 | D:2      | Gained mutation: You occasionally shout uncontrollably at
                  | your foes. [potion of mutation]
  1513 | D:2      | Gained mutation: You have hidden genetic defects. [potion
                  | of mutation]
  1513 | D:2      | Gained mutation: You are agile. (Dex +2) [potion of
                  | mutation]
  1514 | D:2      | Lost mutation: You are agile. (Dex +2) [potion of mutation]
  1514 | D:2      | Lost mutation: You have hidden genetic defects. [potion of
                  | mutation]
  1514 | D:2      | Lost mutation: You occasionally shout uncontrollably at
                  | your foes. [potion of mutation]
  1514 | D:2      | Gained mutation: You are robust. (+10% HP) [potion of
                  | mutation]
  1514 | D:2      | Gained mutation: Your mind is acute. (Int +2) [potion of
                  | mutation]
  1599 | D:2      | Found a faded altar of an unknown god.
  2293 | D:3      | Found a glowing drain.
  2308 | D:3      | Reached XP level 4. HP: 35/40 MP: 4/4
  2344 | Sewer    | Entered a sewer
  2369 | Sewer    | Reached skill level 4 in Axes
  2715 | Sewer    | Reached *** piety under Trog
  2726 | Sewer    | Reached XP level 5. HP: 28/46 MP: 5/5
  3016 | Sewer    | Reached skill level 5 in Axes
  3029 | Sewer    | Gained mutation: Spells you cast may paralyse adjacent
                  | enemies. [demonic ancestry]
  3029 | Sewer    | Reached XP level 6. HP: 38/53 MP: 6/6
  3112 | D:3      | Found Hofoh's Antique Armour Boutique.
  3410 | D:3      | Found a bloodstained altar of Trog.
  3598 | D:3      | Lost mutation: You are robust. (+10% HP) [potion of
                  | mutation]
  3598 | D:3      | Lost mutation: Your mind is acute. (Int +2) [potion of
                  | mutation]
  3598 | D:3      | Gained mutation: Your spells are a little harder to cast,
                  | but a little more powerful. [potion of mutation]
  3599 | D:3      | Lost mutation: Your spells are a little harder to cast, but
                  | a little more powerful. [potion of mutation]
  3599 | D:3      | Gained mutation: You are agile. (Dex +2) [potion of
                  | mutation]
  3599 | D:3      | Gained mutation: Your muscles are strong. (Str +2) [potion
                  | of mutation]
  3647 | D:4      | Reached skill level 5 in Fighting
  3910 | D:4      | Reached skill level 6 in Axes
  3910 | D:4      | Gained mutation: You are partially covered in yellow
                  | scales. (AC +2) [demonic ancestry]
  3910 | D:4      | Reached XP level 7. HP: 56/56 MP: 7/7
  3989 | D:4      | Found Boclybra's Jewellery Shop.
  3996 | D:4      | Found a staircase to the Ecumenical Temple.
  4010 | Temple   | Entered the Ecumenical Temple
  4585 | D:4      | Identified a scroll of acquirement
  4585 | D:4      | Acquired 970 gold pieces
  4637 | D:3      | Bought a distressingly furry chain mail for 247 gold pieces
  4637 | D:3      | Identified the +11 chain mail "Qiar" {Int-5 Dex+4 Slay+6}
                  | (You bought it in a shop on level 3 of the Dungeon)
  4637 | D:3      | Bought a pair of runed gloves for 195 gold pieces
  4752 | D:5      | Entered Level 5 of the Dungeon
  4780 | D:5      | Found Puciqoxe's Assorted Antiques.
  4926 | D:5      | Reached skill level 7 in Axes
  5126 | D:5      | Reached **** piety under Trog
  5167 | D:5      | Gained mutation: Your touch may inflict minor irresistible
                  | damage on your foes. [demonic ancestry]
  5167 | D:5      | Reached XP level 8. HP: 64/64 MP: 8/8
  5641 | D:5      | Reached skill level 8 in Axes
  5897 | D:6      | Reached skill level 9 in Axes
  6370 | D:6      | Acquired a +5 battleaxe of electrocution
  6456 | D:7      | Gained mutation: You are mostly covered in yellow scales.
                  | (AC +3) [demonic ancestry]
  6456 | D:7      | Reached XP level 9. HP: 61/72 MP: 9/9
  6778 | D:7      | Noticed a deep elf pyromancer
  6783 | D:7      | Killed a deep elf pyromancer
  6784 | D:7      | Reached skill level 10 in Axes
  6835 | D:7      | Noticed a two-headed ogre
  6842 | D:7      | Killed a two-headed ogre
  6843 | D:7      | Reached skill level 11 in Axes
  7018 | D:7      | Reached ***** piety under Trog
  7138 | D:7      | Found a transporter.
  7138 | D:7      | Noticed croobank's ghost (novice MiBe)
  7144 | D:7      | Found a transporter.
  7334 | D:7      | Reached XP level 10. HP: 81/81 MP: 10/10
  7460 | D:7      | Killed croobank's ghost
  7461 | D:7      | Reached skill level 12 in Axes
  8374 | D:9      | Found a staircase to the Orcish Mines.
  8418 | D:9      | Reached skill level 1 in Shields
  8890 | D:9      | Noticed a five-headed hydra
  8895 | D:9      | Killed a one-headed hydra
  8896 | D:9      | Reached skill level 13 in Axes
  8994 | D:9      | Noticed a two-headed ogre
  9002 | D:9      | Killed a two-headed ogre
  9003 | D:9      | Reached XP level 11. HP: 49/89 MP: 11/11
  9347 | D:9      | Identified the +0 leather armour of the Other Side {+Blink
                  | Will+}
  9383 | D:9      | Found the +5 robe of Night {Dark Will+ SInv}
  9546 | D:10     | Entered Level 10 of the Dungeon
  9635 | D:10     | Noticed Nergalle
  9645 | D:10     | Killed Nergalle
  9782 | D:10     | Noticed Maurice
  9789 | D:10     | Paralysed by Maurice for 4 turns
  9796 | D:10     | Killed Maurice
  9797 | D:10     | Reached skill level 10 in Fighting
 10295 | D:11     | Reached skill level 14 in Axes
 10303 | D:11     | Found a staircase to the Lair.
 10346 | D:11     | Received a gift from Trog
 10378 | D:11     | Noticed a two-headed ogre
 10388 | D:11     | Killed a two-headed ogre
 10522 | D:11     | Noticed a two-headed ogre
 10528 | D:11     | Killed a two-headed ogre
 11150 | D:11     | Gained mutation: Your touch may inflict irresistible damage
                  | on your foes. [demonic ancestry]
 11150 | D:11     | Reached XP level 12. HP: 100/100 MP: 12/12
 11368 | D:11     | Found Noeniush's Antique Weapon Emporium.
 11474 | Lair:1   | Entered Level 1 of the Lair of Beasts
 11540 | D:12     | Noticed Urug
 11553 | D:12     | Killed Urug
 11640 | D:12     | Noticed a two-headed ogre
 11649 | D:12     | Killed a two-headed ogre
 11653 | D:12     | Noticed a centaur warrior
 11670 | D:12     | Killed a centaur warrior
 11671 | D:12     | Reached skill level 15 in Axes
 11673 | D:12     | Noticed a two-headed ogre
 11687 | D:12     | Killed a two-headed ogre
 11739 | D:12     | Found a gate leading to a gauntlet.
 11748 | Gauntlet | Entered a Gauntlet
 11748 | Gauntlet | Found a transporter.
 11748 | Gauntlet | Found a transporter.
 11815 | Gauntlet | Found a transporter.
 11816 | Gauntlet | Found a transporter.
 11824 | Gauntlet | Found a transporter.
 11828 | Gauntlet | Found a transporter.
 11837 | Gauntlet | Found a transporter.
 11852 | Gauntlet | Found a transporter.
 11866 | Gauntlet | Found a transporter.
 11870 | Gauntlet | Found a transporter.
 11873 | Gauntlet | Noticed a tengu warrior
 11878 | Gauntlet | Found a transporter.
 11882 | Gauntlet | Found a transporter.
 11960 | Gauntlet | Found a runed translucent door.
 12014 | Gauntlet | Reached skill level 5 in Armour
 12022 | Gauntlet | Identified the +0 helmet of the Apothecary {rF+ rN+ rCorr
                  | Stlth+}
 12084 | Gauntlet | Noticed a minotaur
 12104 | Gauntlet | Killed a minotaur
 12112 | Gauntlet | Identified the ring "Plog" {Str+4 SInv Stlth+}
 12112 | Gauntlet | Identified the amulet "Uptaj" {RegenMP rF- MP+9 Int+2
                  | Dex+4}
 12112 | Gauntlet | Identified the +6 hand axe of Viana {vorpal, Will++ Str+2}
 12163 | D:12     | Noticed a rakshasa
 12444 | D:12     | Identified the +7 dagger of Aduis {vorpal, rC+}
 12444 | D:12     | Noticed a centaur warrior
 12454 | D:12     | Killed a centaur warrior
 12455 | D:12     | Reached XP level 13. HP: 92/108 MP: 13/13
 13539 | D:12     | Acquired 984 gold pieces
 13622 | D:11     | Bought the +8 autumn katana {vorpal, Clar} for 2184 gold
                  | pieces
 13622 | D:11     | Found the +8 autumn katana {vorpal, Clar}
 13915 | D:13     | Found a gate to the Vaults.
 13923 | D:13     | Reached skill level 1 in Long Blades
 14777 | D:13     | Reached skill level 5 in Dodging
 16173 | D:15     | Entered Level 15 of the Dungeon
 16349 | D:15     | Found a stormy altar of Qazlal.
 16519 | D:15     | Noticed a dire elephant
 16520 | D:15     | Found a staircase to the Depths.
 16535 | D:15     | Killed a dire elephant
 16583 | D:15     | Gained mutation: You sometimes emit foul miasma when
                  | damaged in melee. [demonic ancestry]
 16583 | D:15     | Reached XP level 14. HP: 118/118 MP: 14/14
 16593 | D:15     | Reached skill level 10 in Armour
 17260 | Orc:1    | Entered Level 1 of the Orcish Mines
 17263 | Orc:1    | Noticed Fannar
 17279 | Orc:1    | Killed Fannar
 17793 | Orc:2    | Entered Level 2 of the Orcish Mines
 17793 | Orc:2    | Noticed Rupert
 17809 | Orc:2    | Killed Rupert
 17854 | Orc:2    | Found a staircase to the Elven Halls.
 17983 | Orc:2    | Noticed Snorg
 17995 | Orc:2    | Killed Snorg
 18422 | Orc:2    | Found Jilidahian's Book Shoppe.
 18422 | Orc:2    | Found Dogh's Magic Scroll Boutique.
 18423 | Orc:2    | Found Xerot's Distillery.
 18423 | Orc:2    | Found Wiecil's Assorted Antiques.
 18434 | Orc:2    | Bought 3 scrolls of identify for 90 gold pieces
 18605 | Orc:2    | Found Uqevvon's Distillery.
 18617 | Orc:2    | Bought a potion of experience for 600 gold pieces
 18619 | Orc:2    | Gained mutation: Your touch may irresistibly damage your
                  | foes and sap their willpower. [demonic ancestry]
 18619 | Orc:2    | Reached XP level 15. HP: 126/126 MP: 15/15
 18722 | Elf:1    | Entered Level 1 of the Elven Halls
 18837 | Elf:1    | Acquired the +8 orange crystal plate armour {Archmagi,
                  | Int+3 Clar}
 18837 | Elf:1    | Found the +8 orange crystal plate armour {Archmagi, Int+3
                  | Clar}
 19060 | Elf:1    | Found Loplyid's Weapon Shoppe.
 19078 | Elf:1    | Gained mutation: Spells you cast may paralyse nearby
                  | enemies. [demonic ancestry]
 19078 | Elf:1    | Reached XP level 16. HP: 108/134 MP: 16/16
 19133 | Elf:1    | Received a gift from Trog
 19138 | Elf:1    | HP: 4/134 [+0 vorpal glaive (18)]
 19143 | Elf:1    | Paralysed by an air elemental for 1 turns
 19428 | Elf:1    | Found Nyxtur's Jewellery Shop.
 19434 | Elf:1    | Found Kytipeudd's Weapon Boutique.
 20378 | Elf:1    | Found Luxkiac's Magic Scroll Emporium.
 20412 | Elf:1    | Noticed a deep elf blademaster
 20412 | Elf:1    | Noticed a deep elf blademaster
 20412 | Elf:1    | Noticed a deep elf blademaster
 20415 | Elf:1    | Found a transporter.
 20419 | Elf:1    | Found a transporter.
 20420 | Elf:1    | Found a bloodstained altar of Trog.
 20449 | Elf:1    | Noticed a deep elf blademaster
 20449 | Elf:1    | Noticed marklar909's ghost (adept PaBe)
 20451 | Elf:1    | Noticed a deep elf blademaster
 20766 | Elf:1    | Killed a deep elf blademaster
 20769 | Elf:1    | HP: 4/201 [deep elf blademaster (15)]
 20770 | Elf:1    | Mangled by a deep elf blademaster

Illustrated notes

Levels and vault maps discovered:
D:1:      psy_arrival_statuary, layout_basic, st_stairs_4
D:2:      layout_rooms, shapermc_ecumenical_altar_venn
D:3:      layout_rooms, trog_butcher_becter, portal_sewer_entry_f, serial_shops,
          shop_fountains
D:4:      layout_cave_pools, minmay_temple_entry_overgrown, serial_rivers,
          chequers_serial_rivers_small_b, chequers_serial_rivers_room_b,
          chequers_serial_rivers_micro_c, chequers_serial_rivers_large_b,
          chequers_serial_rivers_small_b, chequers_serial_rivers_micro_e,
          serial_shops, nicolae_shop_trees
D:5:      layout_loops_ring, serial_shops, shop
D:6:      layout_basic
D:7:      minmay_opposing_rooms, layout_basic, gammafunk_ghost_smash
D:8:      layout_gridville
D:9:      layout_basic, orc_0_dummy, hellmonk_guarded_unrand_night
D:10:     layout_basic, uniq_maurice, uniq_nergalle
D:11:     layout_loops_cross, due_lair_maze_entry_diamond, serial_shops, shop,
          serial_undead, serial_undead_c, serial_undead_a, serial_undead_a,
          serial_undead_b, serial_undead_d, serial_undead_b, serial_undead_c,
          mrwooster_statue_mirror, serial_bayou_pond_b, bh_circular_ruins
D:12:     minmay_the_grid_square_5x5_3x3 [minmay_the_grid_square_5x5_n,
          minmay_the_grid_square_5x5_forky, minmay_the_grid_square_5x5_tie,
          minmay_the_grid_square_5x5_shrine2,
          minmay_the_grid_square_5x5_megaprize_diamond,
          minmay_the_grid_square_5x5_hollow_slash,
          minmay_the_grid_square_5x5_shuriken,
          minmay_the_grid_square_5x5_trominoes, minmay_the_grid_square_5x5_six],
          layout_basic, gauntlet_entry_generic, tso_altar, uniq_urug
D:13:     layout_grid_maze, david_vaults_2
D:14:     layout_long_grid, serial_park_square3 [serial_park_minivault_5x5_5]
D:15:     hangedman_depths_entry_try_elsewhere_first, layout_layer_cave,
          nicolae_qazlal_eye_of_the_storm
Temple:   mainiacjoe_temple_archimedes_tessellation
Lair:1:   layout_chaotic_city, gammafunk_ghost_cemetery, basic_altar,
          beast_lair_carwin_11, serial_bayou_shore_a, grunt_megastairs_5
Orc:1:    layout_caves, uniq_fannar
Orc:2:    st_orc_ogre_mass, layout_caves, basic_altar, serial_shops, shop,
          uniq_snorg, uniq_rupert
Elf:1:    eino_elf_arrival_the_gate, layout_rooms,
          gammafunk_ghost_wrathful_warriors, serial_shops, shop, shop, shop,
          shop, serial_glass, glass_columns_a, glass_columns_a,
          minmay_elf_sorcery

Skill      XL: |  1  2  3  4  5  6  7  8  9 10 11 12 13 14 15 16 |
---------------+-------------------------------------------------+-----
Axes           | 3 4 5 6 7 9 11 13 14 15 | 15.4
Fighting       | 4 5 6 7 8 9 11 12 13 14 | 14.8
Shields        | 2 4 |  4.0
Armour         | 6 9 11 12 13 | 13.0
Dodging        | 4 5 6 7 |  7.3
Long Blades    | 3 6 7 8 |  8.4

Action                   |  1- 3 |  4- 6 |  7- 9 | 10-12 | 13-15 | 16-18 || total
-------------------------+-------+-------+-------+-------+-------+-------++-------
Melee: Hand axe          |   122 |   147 |   181 |   341 |   395 |    71 ||  1257
       Touch             |       |       |    25 |    41 |       |       ||    66
       Battleaxe         |       |       |    14 |       |       |       ||    14
       Broad axe         |       |       |       |    27 |       |       ||    27
       Katana            |       |       |       |       |       |    99 ||    99
Throw: Throwing net      |       |       |       |       |     1 |       ||     1
       Dart              |       |       |       |       |       |     8 ||     8
Invok: Trog's Hand       |       |     6 |       |     8 |    12 |     9 ||    35
       Berserk           |       |     2 |     2 |     6 |     5 |     2 ||    17
       Brothers in Arms  |       |       |       |       |       |     5 ||     5
  Use: Scroll            |     5 |       |     7 |    11 |    10 |     3 ||    36
       Potion            |     2 |     2 |       |     2 |     1 |     3 ||    10
 Stab: Sleeping          |     1 |       |     1 |       |       |       ||     2
Armor: Animal skin       |    15 |    19 |     2 |       |       |       ||    36
       Chain mail        |       |       |   117 |   270 |   243 |    16 ||   646
       Crystal plate arm |       |       |       |       |     8 |   140 ||   148
Dodge: Dodged            |    80 |   125 |    89 |   138 |   223 |    66 ||   721
Block: Buckler           |       |       |       |    51 |   171 |    78 ||   300

Table legend: (Time is in decaauts)
 A = Elapsed time spent in this place.
 B = Non-inter-level travel time spent in this place.
 C = Inter-level travel time spent in this place.
 D = Time resting spent in this place.
 E = Time spent auto-exploring this place.
 F = Levels seen in this place.
 G = Mean time per level.
                   A        B        C        D        E       F      G
               +--------+--------+--------+--------+--------+-----+--------+
         Total |  20660 |  19519 |   1141 |   1003 |  14774 |  22 |  939.1 |
       Dungeon |  15744 |  14710 |   1034 |    344 |  11852 |  15 | 1049.6 |
        Temple |    291 |    256 |     35 |      0 |    232 |   1 |  291.0 |
          Lair |      1 |      1 |      0 |      0 |      0 |   1 |    1.0 |
  Orcish Mines |   1432 |   1360 |     72 |     13 |   1116 |   2 |  716.0 |
   Elven Halls |   1988 |   1988 |      0 |    616 |    846 |   1 | 1988.0 |
         Sewer |    825 |    825 |      0 |     29 |    556 |   1 |  825.0 |
      Gauntlet |    377 |    377 |      0 |      0 |    172 |   1 |  377.0 |
               +--------+--------+--------+--------+--------+-----+--------+

Top non-repeatable levels by time:
   Elf:1: 1988 daAuts
    D:12: 1739 daAuts
    D:11: 1336 daAuts
    D:13: 1321 daAuts
     D:1: 1283 daAuts
     D:9: 1222 daAuts
     D:7: 1089 daAuts
    D:14: 1073 daAuts
    D:15: 991 daAuts
     D:5: 946 daAuts
     D:2: 943 daAuts
   Orc:2: 900 daAuts
     D:4: 829 daAuts
   Sewer: 825 daAuts
     D:8: 781 daAuts
